 Dungeon Crawl Stone Soup version 0.21-a0-442-g848f44b (webtiles) character file.

34 slep the Slasher (level 3, 0/42 HPs)
             Began as a Barachi Gladiator on Nov 15, 2017.
             Succumbed to an adder's poison
             ... on level 2 of the Dungeon.
             The game lasted 00:06:49 (681 turns).

slep the Slasher (Barachi Gladiator)                 Turns: 681, Time: 00:06:50

Health: 0/42       AC:  7    Str: 21    XL:     3   Next: 31%
Magic:  3/3        EV:  8    Int:  8    God:
Gold:   105        SH:  7    Dex: 13    Spells: 2/2 levels left

rFire    . . .     SeeInvis .   a - +0 long sword
rCold    . . .     Gourm    .   g - +0 shield
rNeg     . . .     Faith    .   n - +0 scale mail
rPois    .         Spirit   .   c - +0 helmet
rElec    .         Reflect  .   (no cloak)
rCorr    .         Harm     .   (no gloves)
MR       .....                  (no boots)
Stlth    ..........             (no amulet)
HPRegen  0.14/turn              (no ring)
MPRegen  0.08/turn              (no ring)

@: berserking, lethally poisoned (0 -> -5), quick
A: +LOS, swims, slowness 1, strong legs 1
a: Hop


You were on level 2 of the Dungeon.
You were not hungry.

You visited 1 branch of the dungeon, and saw 2 of its levels.

You collected 105 gold pieces.

Inventory:

Hand Weapons
 a - a +0 long sword (weapon)
Missiles
 d - 3 throwing nets (quivered)
Armour
 b - a +0 leather armour
 c - a +0 helmet (worn)
 g - a +0 shield (worn)
 n - a +0 scale mail (worn)
Scrolls
 e - a scroll of immolation {unknown}
 k - a scroll of noise {unknown}
 l - a scroll of teleportation {unknown}
 m - a scroll of identify {unknown}
Potions
 i - a potion of might {unknown}
Comestibles
 f - 2 bread rations
 j - 2 meat rations


   Skills:
 + Level 2.9 Fighting
 + Level 4.2 Long Blades
 + Level 2.1 Throwing
 + Level 0.6 Armour
 + Level 3.8 Dodging


You had 2 spell levels left.
You didn't know any spells.

Dungeon Overview and Level Annotations

Branches:
Dungeon (2/15)

Altars:


Innate Abilities, Weirdness & Mutations

Shadows flee at your approach. (+LOS)
You can swim through water.
You cover ground slowly.
You can hop short distances.


Message History

You hit the adder but do no damage.
The adder is heavily wounded.
The adder closely misses you.
You closely miss the adder.
The adder is heavily wounded.
You feel sick. The adder bites you but does no damage. The adder bites you.
* * * LOW HITPOINT WARNING * * *
You are lethally poisoned!
The adder poisons you!
You hit the adder but do no damage.
The adder is heavily wounded.
The adder bites you.
* * * LOW HITPOINT WARNING * * *
The adder misses you.
You riposte.
Your shield prevents you from hitting the adder.
The adder is heavily wounded.
It was a potion of berserk rage.
A red film seems to cover your vision as you go berserk!
You feel yourself moving faster!
You feel mighty!
You die...

# .♣
#......[.. #
..
###.#.#### #
.♣ ♣
#.#.##..
#♣♣♣ .. .♣
##.#.##..
...♣ ♣. ♣♣.♣
#......)[
#♣.♣♣
♣.♣...♣
#..#.####
#♣..♣♣♣
.....♣♣
#..#....#
#♣♣...♣♣♣♣
♣.S...♣
#..#....# #
♣♣.♣.♣.♣♣
♣@♣
#..#.#### #
♣♣♣♣...♣♣♣
♣.♣
#..#..... #
♣♣♣.♣.♣♣♣♣.♣
#..####.. #
♣..♣.♣♣.♣♣
#..# #.. #
♣..♣♣...♣♣
#..# ### #
♣.♣♣♣♣♣♣♣
#..###### #
♣..
#........ #
♣.♣♣
#........ #
♣.
##........


You could see an adder.

Vanquished Creatures
  2 dart slugs (D:2)
  7 bats (D:1)
  3 goblins
  4 hobgoblins
  6 kobolds
  A ball python (D:1)
  2 frilled lizards (D:2)
  4 rats
29 creatures vanquished.

Notes
Turn   | Place    | Note
-------+----------+-------------------------------------------
     0 | D:1      | slep the Barachi Gladiator began the quest for the Orb.
     0 | D:1      | Reached XP level 1. HP: 17/17 MP: 1/1
    82 | D:1      | Reached XP level 2. HP: 22/23 MP: 2/2
   448 | D:2      | Reached skill level 4 in Long Blades
   464 | D:2      | Reached XP level 3. HP: 23/28 MP: 3/3
   680 | D:2      | HP: 1/28 [adder (3)]
   681 | D:2      | Succumbed to an adder's poison

Vault maps used:
D:1:      saegor_arrival_miasma
D:2:      kb_forest_paths

Skill      XL: |  1  2 |
---------------+-------+-----
Long Blades    | 4 |  4.2
Fighting       | |  2.9
Throwing       | |  2.1
Armour         | |  0.6
Dodging        | |  3.8

Action                   || total
-------------------------++-------
Melee: Long sword        ||   110
  Use: Potion            ||     1
Armor: Leather armour    ||    35
       Scale mail        ||    20
Dodge: Dodged            ||    53
Block: Shield            ||    33
       Rpst.: Long sword ||    14

Table legend:
 A = Spawn XP
 B = Non-spawn XP
 C = Spawn XP percentage of total XP
 D = Spawn monster count
 E = Non-spawn monster count
 F = Spawn count percentage of total count
 G = Total turns spent on level
                    A         B        C        D         E        F      G
               +---------+---------+-------+---------+---------+-------+---------
         Total |       0 |      49 |   0.0 |       0 |      29 |   0.0 |   681
               +---------+---------+-------+---------+---------+-------+---------
           D:1 |       0 |      28 |   0.0 |       0 |      18 |   0.0 |   445
           D:2 |       0 |      21 |   0.0 |       0 |      11 |   0.0 |   236
               +---------+---------+-------+---------+---------+-------+---------
